 Dungeon Crawl Stone Soup version 0.29.1-15-g9cfb28693d (webtiles) character file.

Game seed: 10316796168101580611

291 tizbic2 the Shooter (level 6, -9/78 HPs)
             Began as a Minotaur Hunter on Apr 24, 2023.
             Was a Believer of Vehumet.
             Mangled by a wyvern (12 damage)
             ... on level 7 of the Dungeon.
             The game lasted 00:11:13 (3184 turns).

tizbic2 the Shooter (Minotaur Hunter)               Turns: 3184, Time: 00:11:14

Health: -9/78      AC: 23    Str: 16    XL:     6   Next: 10%
Magic:  6/6        EV:  2    Int:  6    God:    Vehumet [**....]
Gold:   178        SH:  0    Dex: 15    Spells: 4/7 levels left

rFire   . . .      SeeInvis .   a - +0 war axe
rCold   . . .      Faith    .   (no shield)
rNeg    . . .      Spirit   .   (body armour currently unavailable)
rPois   +          Reflect  .   (helmet currently unavailable)
rElec   .          Harm     .   (cloak currently unavailable)
rCorr   .          Rampage  .   (gloves currently unavailable)
Will    .....      NoTele   +   (boots currently unavailable)
Stlth   ++........              (no amulet)
HPRegen 0.23/turn               (no ring)
MPRegen 0.10/turn               (no ring)

@: tree-form
A: stationary, stasis, torment immunity, boosted hp, (horns 2), (retaliatory
headbutt)
a: Renounce Religion


You were on level 7 of the Dungeon.
You worshipped Vehumet.
Vehumet was pleased with you.
You were a tree.
You visited 1 branch of the dungeon, and saw 6 of its levels.

You collected 178 gold pieces.

Inventory:

Hand Weapons
 a - a +0 war axe (weapon)
 e - a +0 dagger
 h - a +0 short sword
 w - a +0 shortbow
Missiles
 v - 8 poisoned darts
 y - 5 boomerangs of dispersal
Armour
 c - a +0 leather armour
 d - a +1 pair of gloves of stealth (melded)
 g - a +0 pair of boots (melded)
 i - a +0 scale mail
 n - a +0 ring mail (melded)
 z - a +0 plate armour
Scrolls
 b - a scroll of immolation
 k - a scroll of silence {unknown}
 m - a scroll of noise
 p - a scroll of blinking {unknown}
 r - a scroll of vulnerability {unknown}
 s - 2 scrolls of enchant weapon {unknown}
Potions
 j - a potion of heal wounds
 l - a potion of magic
 t - a potion of flight
 u - a potion of degeneration {unknown}
 x - a potion of brilliance {unknown}


   Skills:
 + Level 4.1 Fighting
 * Level 6.0 Ranged Weapons
 - Level 2.8 Dodging
 - Level 1.5 Stealth
 + Level 1.2 Spellcasting
 + Level 1.2 Hexes


You had 4 spell levels left.
You knew the following spells:

 Your Spells              Type           Power      Damage    Failure   Level
a - Magic Dart            Conj           0%         1d3       41%         1
b - Poisonous Vapours     Pois/Air       0%         N/A       56%         2

Your spell library contained the following spells:

 Spells                   Type           Power      Damage    Failure   Level
 Inner Flame              Hex/Fire       1%         N/A       71%         3
 Slow                     Hex            4%         N/A       26%         1
 Shock                    Conj/Air       0%         1d3       41%         1
 Summon Small Mammal      Summ           0%         N/A       41%         1
 Blink                    Tloc           0%         N/A       56%         2
 Portal Projectile        Hex/Tloc       2%         N/A       71%         3
 Summon Guardian Golem    Hex/Summ       1%         N/A       71%         3
 Call Canine Familiar     Summ           0%         N/A       80%         3
 Lesser Beckoning         Tloc           0%         N/A       80%         3
 Manifold Assault         Tloc           0%         N/A       100%        5
 Silence                  Hex/Air        0%         N/A       100%        5


Dungeon Overview and Level Annotations

Branches:
Dungeon (5/15)             Temple (0/1) D:5

Altars:
Vehumet

Shops:
D:2 (


Innate Abilities, Weirdness & Mutations

You are a tree.
Your roots penetrate the ground, keeping you stationary.
You cannot be teleported.
You are immune to unholy pain and torment.
Your maximum health is greatly increased.
Your equipment is partially melded.
((You have a pair of horns on your head.))
((You reflexively headbutt those who attack you in melee.))


Message History

The wyvern bites you but does no damage.
You hit the wyvern but do no damage. Your headbutt misses the wyvern.
The wyvern is moderately wounded.
The wyvern barely misses you. x2; The wyvern bites you.
You barely miss the wyvern.
The wyvern is moderately wounded.
The wyvern bites you but does no damage. x2
You barely miss the wyvern.
The wyvern is moderately wounded.
The wyvern bites you. The wyvern barely misses you.
You barely miss the wyvern.
The wyvern is moderately wounded.
The wyvern bites you! x2
* * * LOW HITPOINT WARNING * * *
The wyvern bites you but does no damage.
You slash the wyvern!
The wyvern is severely wounded.
The wyvern bites you but does no damage.
The wyvern closely misses you.
You hit the wyvern. Your headbutt misses the wyvern.
The wyvern is severely wounded.
The wyvern bites you.
* * * LOW HITPOINT WARNING * * *
The wyvern bites you!
* * * LOW HITPOINT WARNING * * *
It was a potion of lignification.
You turn into a tree.
Your +1 pair of gloves of stealth melds into your body.
Your +0 pair of boots melds into your body.
Your +0 ring mail melds into your body.
You feel less stealthy.
Your roots penetrate the ground.
The wyvern bites you but does no damage. x2
You hit the wyvern but do no damage.
The wyvern is severely wounded.
The wyvern bites you but does no damage.
The wyvern bites you.
* * * LOW HITPOINT WARNING * * *
You slash the wyvern!
The wyvern is almost dead.
The wyvern bites you!
You die...

###
#.############
#............#
#.##########.#
#♣# #.# #l# #.#
#.# #.# #.#
#.##### #.#
#...... #.#
#######
...............
#######.#######
...


You could see a wyvern.

Vanquished Creatures
  2 necrophages (D:5)
  3 gnolls (D:4)
  7 adders
  A shadow imp (D:5)
  2 worms (D:2)
  A dart slug (D:2)
  4 endoplasms
  7 giant cockroaches
  4 goblins
  6 hobgoblins
  2 quokkas
  7 ball pythons
  8 bats
  5 frilled lizards
  10 kobolds
  9 rats
78 creatures vanquished.

Notes
Turn   | Place    | Note
-------+----------+-------------------------------------------
     0 | D:1      | tizbic2 the Minotaur Hunter began the quest for the Orb.
     0 | D:1      | Reached XP level 1. HP: 18/18 MP: 0/0
   192 | D:1      | Reached skill level 1 in Stealth
   241 | D:1      | Reached XP level 2. HP: 25/25 MP: 1/1
   421 | D:1      | Found a faded altar of an unknown god.
   424 | D:1      | Prayed at the altar of an unknown god.
   424 | D:1      | Became a worshipper of Vehumet
   424 | D:1      | Reached * piety under Vehumet
   424 | D:1      | Offered knowledge of Magic Dart by Vehumet.
   427 | D:1      | Learned a level 1 spell: Magic Dart
  1045 | D:2      | Reached XP level 3. HP: 31/31 MP: 2/2
  1108 | D:2      | Got the Compendium of the Fetching Brume
  1181 | D:2      | Offered knowledge of Poisonous Vapours by Vehumet.
  1442 | D:2      | Reached ** piety under Vehumet
  1590 | D:2      | Reached XP level 4. HP: 38/38 MP: 3/3
  1634 | D:2      | Reached skill level 5 in Ranged Weapons
  1641 | D:2      | Found Ziwuoll's Antique Weapon Emporium.
  1783 | D:3      | Learned a level 2 spell: Poisonous Vapours
  2737 | D:4      | Offered knowledge of Inner Flame by Vehumet.
  2744 | D:4      | Reached XP level 5. HP: 32/45 MP: 3/5
  2921 | D:5      | Entered Level 5 of the Dungeon
  2939 | D:5      | Reached skill level 1 in Spellcasting
  2939 | D:5      | Reached skill level 1 in Hexes
  3090 | D:5      | Reached XP level 6. HP: 44/52 MP: 6/6
  3105 | D:5      | Found a staircase to the Ecumenical Temple.
  3113 | D:5      | Reached skill level 6 in Ranged Weapons
  3120 | D:5      | You fall into a shaft and drop 2 floors!
  3164 | D:7      | Noticed a wyvern
  3183 | D:7      | HP: 3/78 [wyvern (3)]
  3184 | D:7      | Mangled by a wyvern

Illustrated notes

Levels and vault maps discovered:
D:1:      kilobyte_arrival_exit_the_forest, layout_loops_ring,
          hellmonk_ecumenical_altar_inner_sanctum, hangedman_decor_opposing,
          minmay_indecisive_spiral
D:2:      wad_river_or_something, layout_basic, serial_shops,
          nicolae_shop_stone, kennysheep_generic_room_6
D:3:      layout_basic
D:4:      layout_loops_corners, minmay_cupped
D:5:      layout_loops_corners, dreamdust_divine_triumvirate,
          minmay_temple_entry_ruins
D:7:      layout_basic, nicolae_overflow_hidden_temple,
          chequers_ossuary_entry_cave

Skill      XL: |  1  2  3  4  5  6 |
---------------+-------------------+-----
Stealth        | 1 |  1.5
Fighting       | 3 4 |  4.1
Ranged Weapons | 5 6 |  6.0
Spellcasting   | 1 |  1.2
Hexes          | 1 |  1.2
Dodging        | |  2.8

Action                   |  1- 3 |  4- 6 || total
-------------------------+-------+-------++-------
Melee: War axe           |       |    31 ||    31
       Headbutt          |       |     2 ||     2
 Fire: Shortbow          |   101 |    66 ||   167
  Use: Potion            |       |     3 ||     3
       Scroll            |       |     3 ||     3
Armor: Leather armour    |     4 |       ||     4
       Ring mail         |     3 |    42 ||    45
       Skin              |       |     3 ||     3
Dodge: Dodged            |    22 |    62 ||    84
